 Dungeon Crawl Stone Soup version 0.23.2-40-g277498a001 (webtiles) character file.

Game seed: 4066727751343138838

209 Martska the Skirmisher (level 5, -16/48 HPs)
             Began as a Hill Orc Fighter on Oct 10, 2019.
             Demolished by a big kobold
             ... wielding a +2 whip of distortion
              (25 damage)
             ... on level 3 of the Dungeon.
             The game lasted 00:03:38 (1934 turns).

Martska the Skirmisher (Hill Orc Fighter)           Turns: 1934, Time: 00:03:38

Health: -16/48     AC:  7    Str: 20    XL:     5   Next: 87%
Magic:  5/5        EV:  7    Int:  8    God:
Gold:   138        SH:  9    Dex: 10    Spells: 4/4 levels left

rFire    . . .     SeeInvis .   a - +0 war axe
rCold    . . .     Gourm    .   c - +0 shield
rNeg     . . .     Faith    .   b - +0 scale mail
rPois    .         Spirit   .   (no helmet)
rElec    .         Reflect  .   (no cloak)
rCorr    .         Harm     .   (no gloves)
MR       .....                  (no boots)
Stlth    ..........             (no amulet)
HPRegen  0.16/turn              (no ring)
MPRegen  0.09/turn              (no ring)

@: about to teleport
A: no striking features
a: no special abilities


You were on level 3 of the Dungeon.
You were not hungry.

You visited 1 branch of the dungeon, and saw 3 of its levels.

You collected 138 gold pieces.

Inventory:

Hand Weapons
 a - a +0 war axe (weapon)
Armour
 b - a +0 scale mail (worn)
 c - a +0 shield (worn)
Jewellery
 g - a cursed -3 ring of intelligence {unknown}
Scrolls
 h - 2 scrolls of blinking {unknown}
 i - 2 scrolls of identify {unknown}
 k - 2 scrolls of remove curse {unknown}
 l - a scroll of amnesia {unknown}
 n - a scroll of enchant weapon {unknown}
 p - a scroll of enchant armour {unknown}
 q - a scroll of magic mapping {unknown}
Potions
 d - 4 potions of might
 e - a potion of flight {unknown}
 j - a potion of degeneration {unknown}
 m - a potion of curing {unknown}
 o - a potion of heal wounds {unknown}
 r - a potion of invisibility {unknown}
 s - a potion of haste {unknown}
 t - a potion of brilliance {unknown}
Comestibles
 f - 6 rations


   Skills:
 * Level 5.4 Fighting
 * Level 5.0 Axes
 + Level 4.0 Armour
 + Level 4.1 Shields


You had 4 spell levels left.
You didn't know any spells.
Your spell library was empty.

Dungeon Overview and Level Annotations

Branches:
Dungeon (3/15)

Altars:
Elyvilon


Message History

You block the big kobold's attack.
You completely miss the big kobold.
The big kobold is heavily wounded.
The big kobold barely misses you. You block the big kobold's attack.
You hit the big kobold.
The big kobold is severely wounded.
The big kobold hits you but does no damage.
Space bends around you.
* * * LOW HITPOINT WARNING * * *
You closely miss the big kobold.
The big kobold is severely wounded.
The big kobold hits you with a +2 whip of distortion.
* * * LOW HITPOINT WARNING * * *
You feel strangely unstable.
You closely miss the big kobold.
The big kobold is severely wounded.
The big kobold hits you but does no damage.
Space warps horribly around you!!
Ouch! That really hurt!
You die...

#.#..# #.#..# ... #.#..#
#..##. #.#..# ......
#.#..## ##### ......
#.....#.##.. .###..>..
#.#.....##.# ......
#.#.######)####..#####
##
#.#......((.@KK)##P⌠P##
.#
#.##...#######K.#.....##
.# #.##...# #†)'.###.$#
.####.###### #(K'.)...!#
......# ##.'.###..#
.####.# #.#.... ##
......# #.##P⌠P# .....##
#..##### .....# ####


You could see a big kobold and 2 kobolds.

Vanquished Creatures
  A big kobold (D:3)
  The ghost of yogakurto the Sneak, a weakling DrAs (D:3)
  An adder (D:2)
  2 worms
  2 dart slugs
  4 leopard geckos
  3 orcs (D:3)
  5 giant cockroaches
  3 goblins
  4 hobgoblins
  10 jackals
  A quokka (D:3)
  2 ball pythons
  3 bats
  2 frilled lizards
  13 kobolds
  9 rats
66 creatures vanquished.

Notes
Turn   | Place    | Note
-------+----------+-------------------------------------------
     0 | D:1      | Martska the Hill Orc Fighter began the quest for the Orb.
     0 | D:1      | Reached XP level 1. HP: 19/19 MP: 1/1
   197 | D:1      | Reached XP level 2. HP: 20/27 MP: 2/2
   568 | D:1      | Reached XP level 3. HP: 33/33 MP: 3/3
  1186 | D:2      | Found a white marble altar of Elyvilon.
  1341 | D:2      | Reached XP level 4. HP: 27/41 MP: 4/4
  1871 | D:3      | Found a runed translucent gate.
  1878 | D:3      | Noticed yogakurto's ghost (weakling DrAs)
  1879 | D:3      | Found a runed translucent gate.
  1879 | D:3      | Noticed a big kobold
  1879 | D:3      | Noticed a big kobold
  1880 | D:3      | Found a runed translucent gate.
  1917 | D:3      | Killed a big kobold
  1917 | D:3      | Reached skill level 5 in Fighting
  1917 | D:3      | Reached XP level 5. HP: 36/48 MP: 5/5
  1927 | D:3      | Killed yogakurto's ghost
  1927 | D:3      | Reached skill level 5 in Axes
  1934 | D:3      | Demolished by a big kobold

Skill      XL: |  1  2  3  4  5 |
---------------+----------------+-----
Axes           | 3 4 5 |  5.0
Fighting       | 4 5 |  5.4
Shields        | 4 |  4.1
Armour         | 4 |  4.0

Action                   |  1- 3 |  4- 6 || total
-------------------------+-------+-------++-------
Melee: War axe           |   110 |    69 ||   179
       Unarmed           |       |    20 ||    20
  Eat: Chunk             |     2 |       ||     2
       Ration            |       |     1 ||     1
Armor: Scale mail        |    57 |    29 ||    86
       Skin              |       |     2 ||     2
Dodge: Dodged            |    40 |    30 ||    70
Block: Shield            |    71 |    37 ||   108
